 Dungeon Sprint DCSS version 0.28-a0-861-ge64d6db94f (webtiles) character file.

Game seed: 2018186270647904293

4 emperorscorpion the Magician (level 1, 0/19 HPs)
             Began as a Djinni Warper on Nov 15, 2021.
             Slain by a quokka (3 damage)
             ... in the Dungeon (Sprint IX: "|||||||||||||||||||||||||||||").
             The game lasted 00:00:09 (26 turns).

emperorscorpion the Magician (Djinni Warper)          Turns: 26, Time: 00:00:10

Health: 0/19       AC:  3    Str: 10    XL:     1   Next: 66%
Gold:   0          EV: 11    Int: 14    God:
                   SH:  0    Dex: 12

rFire   + + .      SeeInvis .   a - +0 short sword
rCold   x . .      Faith    .   (no shield)
rNeg    . . .      Spirit   .   b - +0 leather armour
rPois   ∞          Reflect  .   (no helmet)
rElec   .          Harm     .   (no cloak)
rCorr   .          Rampage  .   (no gloves)
Will    .....      NoTele   +   (boots unavailable)
Stlth   +.........              (no amulet)
HPRegen 0.06/turn               (no ring)
MPRegen 0.00/turn               (no ring)

@: flying
A: sickness immunity, fire resistance 2, cold vulnerability 1, float, innate
caster, hp casting, extra vitality 1
a: no special abilities


You were in the Dungeon.
You visited 1 branch

Inventory:

Hand Weapons
 a - a +0 short sword (weapon)
Missiles
 d - 5 boomerangs of dispersal (quivered)
Armour
 b - a +0 leather armour (worn)
Scrolls
 c - 2 scrolls of blinking
Potions
 e - a potion of curing
 f - a potion of heal wounds
 g - a potion of haste
 h - a potion of berserk rage


   Skills:
 * Level 2.4 Fighting
 + Level 1.8 Short Blades
 + Level 0.7 Throwing
 + Level 1.0 Armour
 + Level 2.2 Dodging
 + Level 3.1 Spellcasting


You couldn't memorise any spells.
You knew the following spells:

 Your Spells              Type           Power      Damage    Failure   Level
a - Blink                 Tloc           22%        N/A       12%         2
b - Lesser Beckoning      Tloc           11%        N/A       24%         3
c - Gell's Gravitas       Tloc           11%        N/A       24%         3
d - Teleport Other        Tloc           11%        N/A       24%         3
e - Manifold Assault      Tloc           11%        N/A       91%         5
Your spell library was empty.

Dungeon Overview and Level Annotations

Branches:
Dungeon (1/1)

Altars:


Innate Abilities, Weirdness & Mutations

You are immune to sickness and miasma.
You are immune to poison.
Your flesh is very heat resistant. (rF++)
You are vulnerable to cold. (rC-)
You float through the air rather than walking.
You learn spells naturally, not from books.
Your magical power is your life essence.
You have superior vitality. (+4 HP)


Message History

You barely miss the rat. The rat bites you.
You closely miss the rat. The rat bites you but does no damage.
You closely miss the rat. The rat misses you.
You hit the rat.
You kill the rat!
The bat hits you but does no damage. The bat closely misses you.
You miss the bat. The bat closely misses you.
You hit the bat.
You kill the bat!
Your Spellcasting skill increases to level 3!
You completely miss the quokka. The quokka barely misses you.
You hit the quokka.
The quokka is heavily wounded.
The quokka bites you.
You closely miss the quokka.
The quokka is heavily wounded.
The quokka bites you but does no damage. x2
You closely miss the quokka.
The quokka is moderately wounded.
The quokka bites you but does no damage.
You hit the quokka but do no damage.
The quokka is moderately wounded.
The quokka closely misses you.
You barely miss the quokka.
The quokka is moderately wounded.
The quokka completely misses you.
You barely miss the quokka.
The quokka is moderately wounded.
The quokka bites you. x2
* * * LOW HITPOINT WARNING * * *
You closely miss the quokka.
The quokka is moderately wounded.
The quokka bites you but does no damage.
You closely miss the quokka.
The quokka is moderately wounded.
The quokka barely misses you.
You barely miss the quokka.
The quokka is moderately wounded.
The quokka bites you.
You die...

▓+▓
▓.▓
▓.▓
▓.▓
▓.▓
▓.▓
▓r▓
▓@▓
▓.▓
▓.▓
▓<▓
▓▓▓


You could see a quokka.

Vanquished Creatures
  A bat (D)
  A kobold (D)
  2 rats (D)
4 creatures vanquished.

Notes
Turn   | Place    | Note
-------+----------+-------------------------------------------
     0 | D        | emperorscorpion the Djinni Warper began the quest for the
                  | Orb.
     0 | D        | Reached XP level 1. HP: 18/18 MP: 0/0
    17 | D        | Reached skill level 3 in Spellcasting
    26 | D        | Slain by a quokka

Illustrated notes

Levels and vault maps discovered:
D:        linesprint [early_d, line_temple, items_1, d_10, items_2, lair_1,
          lair_end, items_3, orc_1, orc_end, items_4, d_15, swamp_1, shoals_1,
          snake_1, spider_1, d_20, vaults_1, items_5, swamp_end, shoals_end,
          snake_end, spider_end, vaults_end, d_27, items_6, zot_1, zot_end,
          crypt_end, forest_end, elf_end, slime_end, tomb_end, abyss_end,
          pan_hell_end]

Skill      XL: |  1 |
---------------+----+-----
Spellcasting   | 3 |  3.1
Fighting       | |  2.4
Short Blades   | |  1.8
Throwing       | |  0.7
Armour         | |  1.0
Dodging        | |  2.2

Action                   || total
-------------------------++-------
Melee: Short sword       ||    23
Armor: Leather armour    ||     6
Dodge: Dodged            ||    10

Table legend: (Time is in decaauts)
 A = Elapsed time spent in this place.
 B = Non-inter-level travel time spent in this place.
 C = Inter-level travel time spent in this place.
 D = Time resting spent in this place.
 E = Time spent auto-exploring this place.
 F = Levels seen in this place.
 G = Mean time per level.
                   A        B        C        D        E       F      G
               +--------+--------+--------+--------+--------+-----+--------+
         Total |     26 |     26 |      0 |      0 |      0 |   1 |   26.0 |
       Dungeon |     26 |     26 |      0 |      0 |      0 |   1 |   26.0 |
               +--------+--------+--------+--------+--------+-----+--------+

Top non-repeatable levels by time:
       D: 26 daAuts
